 Dungeon Crawl Stone Soup version 0.19.5 (webtiles) character file.

2446 SerythNizel the Basher (level 9, -2/79 HPs)
             Began as a Minotaur Berserker on Mar 16, 2017.
             Was a Priest of Trog.
             Killed from afar by an electric eel (6 damage)
             ... with a bolt of electricity
             ... on level 6 of the Dungeon on Mar 18, 2017.
             The game lasted 00:27:50 (5474 turns).

SerythNizel the Basher (Minotaur Berserker)         Turns: 5474, Time: 00:27:51

Health: -2/79      AC: 12    Str: 24    XL:     9   Next: 25%
Magic:  8/8        EV: 10    Int:  4    God:    Trog [***...]
Gold:   280        SH:  0    Dex: 11    Spells: 0 memorised, 8 levels left

rFire  . . .     SeeInvis +     o - +0 flail
rCold  . . .     Gourm    .     w - +0 chain mail
rNeg   . . .     Faith    .     (no shield)
rPois  .         Spirit   .     (helmet restricted)
rElec  .         Reflect  .     (no cloak)
rCorr  .         Harm     .     r - +0 pair of gloves
MR     .....                    (no boots)
Stlth  ..........               (no amulet)
                                (no ring)
                                l - ring of see invisible

@: no status effects
A: retaliatory headbutt, horns 2
a: Berserk, Trog's Hand, Burn Spellbooks, Renounce Religion


You were on level 6 of the Dungeon.
You worshipped Trog.
Trog was most pleased with you.
You were not hungry.

You visited 1 branch of the dungeon, and saw 6 of its levels.

You collected 280 gold pieces.

Inventory:

Hand Weapons
 a - a +0 mace
 e - a +4 dagger
 g - a +0 dagger
 o - a +0 flail (weapon)
Armour
 b - a +0 animal skin
 d - a +1 leather armour
 j - a +0 scale mail
 p - a +0 ring mail
 r - a +0 pair of gloves (worn)
 w - a +0 chain mail (worn)
Jewellery
 l - a ring of see invisible (left hand)
 A - an uncursed amulet of rage {unknown}
Wands
 f - a wand of teleportation (5/9)
Scrolls
 k - 4 scrolls of identify {unknown}
 n - 2 scrolls of teleportation
 q - 2 scrolls of remove curse {unknown}
 s - 2 scrolls of blinking {unknown}
 t - a scroll of fog {unknown}
 y - a scroll of amnesia {unknown}
 C - a scroll of enchant armour
 E - a scroll of immolation {unknown}
Potions
 h - a potion of beneficial mutation {unknown}
 i - a potion of invisibility
 m - 3 potions of brilliance {unknown}
 u - 3 potions of cure mutation {unknown}
 v - a potion of cancellation {unknown}
 x - a potion of resistance {unknown}
 z - a potion of degeneration {unknown}
 B - a potion of agility {unknown}
 D - a potion of might {unknown}
Comestibles
 c - 4 bread rations


   Skills:
 + Level 7.5 Fighting
 - Level 3.1 Short Blades
 + Level 10.3 Maces & Flails
 + Level 7.7 Armour
 + Level 4.1 Dodging
 + Level 0.5 Stealth


You had 8 spell levels left.
You didn't know any spells.

Dungeon Overview and Level Annotations

Branches:
Dungeon (6/15)             Temple (0/1) D:5

Altars:
Elyvilon
Fedhas
Gozag
Yredelemnul


Innate Abilities, Weirdness & Mutations

You reflexively headbutt those who attack you in melee.
You have a pair of horns on your head.


Message History

* * * LOW HITPOINT WARNING * * *
The electric eel shoots out a bolt of lightning at you!
The bolt of electricity hits the plant.
The bolt of electricity hits the electric eel.
The electric eel completely resists.
The bolt of electricity hits you!
* * * LOW HITPOINT WARNING * * *
The bolt of electricity hits you!
* * * LOW HITPOINT WARNING * * *
You hear the sound of rushing water.
There is an entrance to a sewer on this level.
Hurry and find it before the portal rusts away!
Welcome back, SerythNizel the Minotaur Berserker.
Trog says: Kill them all!
Press ? for a list of commands and other information.
Unknown command.
There are monsters nearby!
Unknown command.
You completely miss the electric eel.
The electric eel shoots out a bolt of lightning at you!
The bolt of electricity hits you!
You die...

#. P P ♣♣≈≈≈P
#.##PP ≈≈♣≈PP
###..PPP♣≈≈≈P.
#PP.≈≈≈♣≈≈P.≈ #P
P≈≈≈♣P;PP##
≈≈≈≈♣≈P≈P≈...
P≈PPPP.;#.#.##
.≈P≈≈.#@..#..#####
P.PP.###..P#.P..P#.
#......≈≈≈≈≈.≈≈.
#...##.P≈≈.≈≈≈≈≈.♣
####.###.≈≈.≈≈≈≈≈≈.
#.)..# #P≈P≈≈≈≈≈≈≈≈
#.#### #..))≈≈≈≈.≈.
#.# #..P(≈≈≈P≈≈.
#.# #...)♣..♣♣..


You could see 2 electric eels.

Vanquished Creatures
  The ghost of SkullSpatter the Skirmisher, a novice HOAK of Lugonu (D:4)
  Pikel (D:4)
  Sigmund (D:5)
  The ghost of Trixie the Conjurer, an amateur DEFE (D:5)
  Menkaure (D:4)
  Duvessa (D:5)
  2 slaves (D:4)
  An ogre (D:5)
  3 centaurs
  Dowan (D:5)
  A scorpion (D:5)
  4 hounds
  2 centaur skeletons
  2 orc priests (D:3)
  2 iguanas
  An orc wizard (D:4)
  3 worker ants (D:4)
  6 adders
  3 gnolls (D:6)
  2 shadow imps
  An adder skeleton (D:4)
  4 worms
  2 dart slugs
  12 orcs
  5 giant cockroaches
  8 goblins
  4 hobgoblins
  3 jackals (D:2)
  2 quokkas (D:5)
  A ball python (D:6)
  6 bats
  8 frilled lizards
  A jackal zombie (D:5)
  11 kobolds
  A leopard gecko skeleton (D:5)
  A quokka skeleton (D:4)
  3 rats
112 creatures vanquished.

Vanquished Creatures (others)
  A quokka (D:4)
  A jackal skeleton (D:4)
2 creatures vanquished.

Grand Total: 114 creatures vanquished

Notes
Turn   | Place    | Note
-------+----------+-------------------------------------------
     0 | D:1      | SerythNizel the Minotaur Berserker began the quest for the Orb.
     0 | D:1      | Reached XP level 1. HP: 19/19 MP: 0/0
   103 | D:1      | Reached XP level 2. HP: 14/27 MP: 1/1
   730 | D:1      | Reached skill level 4 in Maces & Flails
   761 | D:2      | Found an opulent altar of Gozag.
   983 | D:2      | Reached XP level 3. HP: 19/33 MP: 2/2
  1790 | D:2      | Reached XP level 4. HP: 41/41 MP: 3/3
  1856 | D:2      | Reached ** piety under Trog
  2081 | D:3      | Reached skill level 1 in Short Blades
  2093 | D:3      | Reached skill level 5 in Maces & Flails
  2094 | D:3      | Reached XP level 5. HP: 29/47 MP: 4/4
  2856 | D:4      | Noticed Menkaure
  2861 | D:4      | Killed Menkaure
  2861 | D:4      | Reached XP level 6. HP: 55/55 MP: 5/5
  2953 | D:4      | Noticed a slave
  2956 | D:4      | Noticed a slave
  2957 | D:4      | Noticed a slave
  2958 | D:4      | Noticed Pikel
  2959 | D:4      | Killed a slave
  2962 | D:4      | Killed a slave
  2965 | D:4      | Noticed a slave
  2965 | D:4      | Killed Pikel
  2965 | D:4      | Reached skill level 5 in Fighting
  2965 | D:4      | Reached skill level 7 in Maces & Flails
  2965 | D:4      | Reached skill level 5 in Armour
  2965 | D:4      | Reached XP level 7. HP: 61/61 MP: 6/6
  3336 | D:4      | Noticed SkullSpatter's ghost (novice HOAK)
  3358 | D:4      | Killed SkullSpatter's ghost
  3358 | D:4      | Reached skill level 8 in Maces & Flails
  3358 | D:4      | Reached XP level 8. HP: 70/70 MP: 7/7
  3645 | D:4      | Found a white marble altar of Elyvilon.
  4012 | D:5      | Entered Level 5 of the Dungeon
  4033 | D:5      | Reached skill level 9 in Maces & Flails
  4480 | D:5      | Noticed Sigmund
  4492 | D:5      | Killed Sigmund
  4570 | D:5      | Noticed Trixie's ghost (amateur DEFE)
  4572 | D:5      | Noticed Dowan
  4586 | D:5      | Killed Trixie's ghost
  4586 | D:5      | Reached skill level 10 in Maces & Flails
  4586 | D:5      | Reached XP level 9. HP: 78/79 MP: 8/8
  4639 | D:5      | Noticed Duvessa
  4650 | D:5      | Killed Duvessa
  4651 | D:5      | Killed Dowan
  4893 | D:5      | Found a staircase to the Ecumenical Temple.
  5056 | D:5      | Found a blossoming altar of Fedhas.
  5059 | D:5      | Found a basalt altar of Yredelemnul.
  5413 | D:6      | Reached *** piety under Trog
  5474 | D:6      | Killed from afar by an electric eel

Skill      XL: |  1  2  3  4  5  6  7  8 |
---------------+-------------------------+-----
Maces & Flails | 4 5 7 8 10 | 10.3
Fighting       | 4 5 6 7 |  7.5
Short Blades   | 1 3 |  3.1
Armour         | 3 4 5 6 7 |  7.7
Dodging        | 3 4 |  4.1
Stealth        | |  0.5

Action                   |  1- 3 |  4- 6 |  7- 9 || total
-------------------------+-------+-------+-------++-------
Melee: Mace              |    61 |    49 |       ||   110
       Headbutt          |     9 |    15 |    21 ||    45
       Flail             |       |    20 |   146 ||   166
Invok: Berserk           |     3 |     3 |     6 ||    12
  Use: Scroll            |     3 |       |       ||     3
       Potion            |     2 |       |       ||     2
  Eat: Chunk             |     4 |     3 |     5 ||    12
       Bread ration      |     1 |       |       ||     1
       Meat ration       |       |       |     2 ||     2
Armor: Leather armour    |     3 |       |       ||     3
       Scale mail        |    17 |    27 |       ||    44
       Ring mail         |       |     3 |     5 ||     8
       Chain mail        |       |       |    59 ||    59
Dodge: Dodged            |    56 |    48 |    66 ||   170
